 Dungeon Crawl Stone Soup version 0.20.0-8-g6b59dc7 (webtiles) character file.

592 Hasart the Skirmisher (level 7, -3/49 HPs)
             Began as an Octopode Fighter on May 31, 2017.
             Slain by an orc warrior
             ... wielding a +0 dire flail
              (17 damage)
             ... on level 6 of the Dungeon.
             The game lasted 00:07:24 (4987 turns).

Hasart the Skirmisher (Octopode Fighter)            Turns: 4987, Time: 00:07:25

Health: -3/49      AC:  1    Str: 21    XL:     7   Next: 39%
Magic:  0/7        EV: 12    Int: 10    God:
Gold:   270        SH:  9    Dex: 13    Spells: 6/6 levels left

rFire    . . .     SeeInvis .   a - +0 trident
rCold    . . .     Gourm    .   b - +0 shield
rNeg     . . .     Faith    .   (helmet restricted)
rPois    .         Spirit   +   w - amulet of guardian spirit
rElec    .         Reflect  .   (no ring)
rCorr    .         Harm     .   (no ring)
MR       .....                  (no ring)
Stlth    ++........             (no ring)
Regen    0.2/turn               (no ring)
MPRegen  0.1/turn               (no ring)
                                (no ring)
                                (no ring)

@: mighty, drained
A: almost no armour, stealthy swim, amphibious, 8 rings, constrict 8, camouflage
1, gelatinous body 1
a: no special abilities


You were on level 6 of the Dungeon.
You were hungry.

You visited 1 branch of the dungeon, and saw 6 of its levels.

You collected 270 gold pieces.

Inventory:

Hand Weapons
 a - a +0 trident (weapon)
Armour
 b - a +0 shield (worn)
Jewellery
 w - an amulet of guardian spirit (around mantle)
Scrolls
 e - 2 scrolls of fear {unknown}
 g - 3 scrolls of identify
 h - 3 scrolls of enchant weapon {unknown}
 j - 5 scrolls of remove curse
 p - a scroll of noise {unknown}
 q - 3 scrolls of amnesia {unknown}
 v - 3 scrolls of recharging {unknown}
 x - 2 scrolls of teleportation {unknown}
 y - a scroll of immolation {unknown}
 z - 2 scrolls of blinking {unknown}
 A - a scroll of enchant armour {unknown}
Potions
 k - 3 potions of brilliance {unknown}
 l - a potion of ambrosia {unknown}
 m - 2 potions of curing {unknown}
 n - 2 potions of heal wounds {unknown}
 r - a potion of haste {unknown}
 s - 2 potions of flight {unknown}
 t - a potion of cancellation {unknown}
 u - 3 potions of berserk rage {unknown}
 D - a potion of lignification {unknown}
Books
 B - a book of Misfortune

   Spells                             Type                      Level
   a - Confusing Touch                Hexes                        1
   b - Confuse                        Hexes                        3
   c - Gell's Gravitas                Translocation                3
   d - Petrify                        Transmutation/Earth          4
   e - Metabolic Englaciation         Hexes/Ice                    5
   f - Yara's Violent Unravelling     Hexes/Transmutation          5
Comestibles
 d - 3 bread rations
 f - 6 meat rations
 i - 9 fruits
 C - 3 royal jellies


   Skills:
 + Level 4.8(4.2) Fighting
 * Level 4.8(4.2) Polearms
 + Level 4.6(4.0) Dodging
 + Level 4.4(3.8) Shields


You had 6 spell levels left.
You didn't know any spells.

Dungeon Overview and Level Annotations

Branches:
Dungeon (6/15)
 Temple: D:4-7

Altars:
Nemelex Xobeh
Qazlal
Ru
Vehumet
Yredelemnul
Zin

Shops:
D:3 *


Innate Abilities, Weirdness & Mutations

You cannot wear most types of armour.
You are very stealthy in the water. (Stealth+)
You are amphibious.
You can wear up to eight rings at the same time.
You can use your tentacles to constrict eight enemies at once.
Your skin changes colour to match your surroundings (Stealth+).
Your rubbery body absorbs attacks. (AC +1, EV +1)


Message History

You closely miss the orc warrior. Your grab misses the orc warrior.
The orc warrior hits you with a dire flail!
Unknown command.
You feel very mighty all of a sudden. The orc wizard casts a spell at you.
The puff of frost hits you!
* * * LOW HITPOINT WARNING * * *
You block the orc warrior's attack.
Unknown command.
You puncture the orc warrior! Your grab misses the orc warrior.
The orc warrior is moderately wounded.
The orc wizard barely misses you. You block the orc warrior's attack.
The orc wizard hits you but does no damage.
Unknown command.
You barely miss the orc warrior. Your grab misses the orc warrior.
You squeeze the orc warrior.
The orc warrior is moderately wounded.
The orc wizard hits you but does no damage.
The orc warrior hits you with a dire flail!!
You die...

#.# #o# #.# ########
#.###.......
#......##### #
#####..#...##.##
#..#........
#########.o#........
.......=..o@<.......
#############.......
....>.. ####.## #


You could see an orc warrior and an orc wizard.

Vanquished Creatures
  A crimson imp (D:5)
  5 orc priests
  3 orc wizards
  Terence (D:3)
  2 worker ants
  A hound skeleton (D:4)
  Robin (D:4)
  3 gnolls (D:3)
  7 adders
  A shadow imp (D:5)
  An ooze (D:2)
  2 adder skeletons (D:5)
  2 worms (D:2)
  A dart slug (D:3)
  3 leopard geckos
  21 orcs
  6 bats
  6 giant cockroaches
  9 goblins
  3 hobgoblins
  5 jackals
  4 quokkas
  A ball python (D:4)
  4 frilled lizards
  2 gnoll zombies (D:3)
  A jackal zombie (D:5)
  8 kobolds
  4 rats
108 creatures vanquished.

Notes
Turn   | Place    | Note
-------+----------+-------------------------------------------
     0 | D:1      | Hasart the Octopode Fighter began the quest for the Orb.
     0 | D:1      | Reached XP level 1. HP: 16/16 MP: 1/1
   549 | D:1      | Reached XP level 2. HP: 21/21 MP: 2/2
   982 | D:2      | Reached XP level 3. HP: 26/26 MP: 3/3
  1696 | D:3      | Found Zin's Purification Station.
  1699 | D:3      | Found a glowing silver altar of Zin.
  1774 | D:3      | Reached XP level 4. HP: 31/31 MP: 4/4
  1958 | D:3      | Reached XP level 5. HP: 7/37 MP: 5/5
  2385 | D:3      | Noticed Terence
  2390 | D:3      | Killed Terence
  2765 | D:3      | Found a basalt altar of Yredelemnul.
  2840 | D:3      | Reached XP level 6. HP: 33/43 MP: 6/6
  3111 | D:3      | Noticed a sky beast
  3159 | D:3      | Found a stormy altar of Qazlal.
  3362 | D:4      | Found a sacrificial altar of Ru.
  3374 | D:4      | Noticed Robin
  3378 | D:4      | Killed Robin
  3605 | D:4      | Found a sparkling altar of Nemelex Xobeh.
  4141 | D:4      | Reached XP level 7. HP: 42/49 MP: 7/7
  4328 | D:5      | Entered Level 5 of the Dungeon
  4787 | D:5      | Found a radiant altar of Vehumet.
  4987 | D:6      | Slain by an orc warrior

Skill      XL: |  1  2  3  4  5  6 |
---------------+-------------------+-----
Polearms       | 3 4 |  4.8
Fighting       | 4 |  4.8
Dodging        | 4 |  4.6
Shields        | 4 |  4.4

Action                   |  1- 3 |  4- 6 |  7- 9 || total
-------------------------+-------+-------+-------++-------
Melee: Trident           |    57 |   134 |    46 ||   237
       Constrict         |    10 |    41 |    14 ||    65
       Tentacles         |     7 |    32 |    15 ||    54
  Use: Scroll            |       |       |     2 ||     2
       Potion            |       |       |     1 ||     1
 Stab: Sleeping          |     9 |     4 |       ||    13
  Eat: Chunk             |     3 |     7 |     2 ||    12
Armor: Skin              |     3 |     2 |     4 ||     9
Dodge: Dodged            |    16 |    35 |    17 ||    68
Block: Shield            |    12 |    44 |    18 ||    74
